 Dungeon Crawl Stone Soup version 0.30-a0-965-g42e074c17a (webtiles) character file.

Game seed: 6062616763380064422

1564 bande the Chopper (level 8, -19/49 HPs)
             Began as a Gargoyle Fighter on Mar 30, 2023.
             Was a Believer of Okawaru.
             Demolished by a freezing wraith (21 damage)
             ... led by a death knight
             ... on level 8 of the Dungeon.
             The game lasted 00:10:07 (5031 turns).

bande the Chopper (Gargoyle Fighter)                Turns: 5031, Time: 00:10:08

Health: -19/49     AC: 21    Str: 20    XL:     8   Next: 89%
Magic:  11/11      EV:  9    Int:  9    God:    Okawaru [**....]
Gold:   446        SH:  9    Dex: 11    Spells: 7/7 levels left

rFire   . . .      SeeInvis .    a - +1 war axe
rCold   . . .      Faith    .    r - +0 kite shield
rNeg    + . .      Spirit   .    D - +0 plate armour
rPois   ∞          Reflect  .    (no helmet)
rElec   +          Rampage  .    e - +1 cloak
rCorr   +                        (no gloves)
Will    .....                    z - +0 pair of boots Stlth
                                 n - amulet of regeneration
HPRegen 1.08/turn                f - +5 ring of evasion
MPRegen 0.12/turn                u - ring of resist corrosion

@: slowed, very slow
A: sickness immunity, AC +5, negative energy resistance 1, electricity
resistance, torment resistance 1, petrification resistance
a: Renounce Religion, Heroism


You were on level 8 of the Dungeon.
You worshipped Okawaru.
Okawaru was pleased with you.
You visited 2 branches of the dungeon, and saw 9 of its levels.

You collected 446 gold pieces.

Inventory:

Hand Weapons
 a - a +1 war axe (weapon)
 h - a +0 flail
 j - the +6 hammer "Gargoyle's Bane" {flame, rC+ Str+3}
   (You found it on level 5 of the Dungeon)

   Str:       It affects your strength (+3).
   rC:        It protects you from cold.
Armour
 e - a +1 cloak (worn)
 r - a +0 kite shield (worn)
 s - a +1 scale mail of positive energy
 z - a +0 pair of boots (worn)
 D - a +0 plate armour (worn)
Jewellery
 f - a +5 ring of evasion (left hand)
 m - a ring of see invisible
 n - an amulet of regeneration (around neck)
 p - a ring of wizardry
 u - a ring of resist corrosion (right hand)
 C - a ring of protection from cold
Wands
 y - a wand of digging (7)
 A - a wand of flame (12)
Scrolls
 b - 2 scrolls of identify
 k - 2 scrolls of silence
 l - 6 scrolls of teleportation
Potions
 c - 2 potions of brilliance
 d - 2 potions of might
 g - a potion of mutation
 i - 4 potions of curing
 o - a potion of haste
 q - a potion of resistance
 t - 2 potions of heal wounds
 v - a potion of magic {unknown}
 w - a potion of flight
 x - a potion of berserk rage {unknown}
 B - 2 potions of attraction {unknown}


   Skills:
 + Level 5.2 Fighting
 + Level 6.5 Axes
 + Level 6.0 Armour
 - Level 0.3 Dodging
 + Level 5.3 Shields
 * Level 4.1 Invocations
 * Level 0.9 Evocations


You had 7 spell levels left.
You didn't know any spells.
Your spell library contained the following spells:

 Spells                   Type           Power      Damage    Failure   Level
 Blink                    Tloc           0%         N/A       100%        2
 Lesser Beckoning         Tloc           0%         N/A       100%        2
 Momentum Strike          Conj/Tloc      0%         3d8       100%        2


Dungeon Overview and Level Annotations

Branches:
Dungeon (8/15)             Temple (1/1) D:4
   Lair: D:8-11

Altars:
Ashenzari
Cheibriados
Dithmenos
Elyvilon
Fedhas
Gozag
Hepliaklqana
Kikubaaqudgha
Makhleb
Nemelex Xobeh
Okawaru
Qazlal
Ru
Sif Muna
Uskayaw
Vehumet
Wu Jian
Xom
Yredelemnul
Zin
The Shining One

Shops:
D:4 :


Innate Abilities, Weirdness & Mutations

You are immune to sickness and miasma.
Your stone body is resilient. (AC +5)
You are immune to poison.
You resist negative energy. (rN+)
You are resistant to electric shocks. (rElec)
You are resistant to unholy torment.
You are immune to petrification.


Message History

l - 6 scrolls of teleportation (gained 1)
A freezing wraith comes into view.
A freezing wraith and a wraith come into view.
A death knight comes into view. It is wielding a +3 broad axe.
The death knight shouts!
You block the freezing wraith's attack. The freezing wraith hits you.
The freezing wraith drains your vigour!
You feel yourself slow down.
You hit the freezing wraith.
The freezing wraith is lightly damaged.
You block the freezing wraith's attack. x2
A phantasmal warrior comes into view.
You block the freezing wraith's attack. x2
The phantasmal warrior moves out of view.
You hit the freezing wraith.
The freezing wraith is lightly damaged.
You hit the freezing wraith. The freezing wraith closely misses you.
The freezing wraith hits you but does no damage.
The freezing wraith barely misses you. The freezing wraith hits you.
The freezing wraith drains your vigour!
You feel as though you will be slow longer.
You block the freezing wraith's attack.
The freezing wraith hits you but does no damage.
You block the freezing wraith's attack. The freezing wraith closely misses you.
You closely miss the freezing wraith.
The freezing wraith is lightly damaged.
You closely miss the freezing wraith. You block the freezing wraith's attack.
The freezing wraith hits you! The freezing wraith drains your vigour!
You feel as though you will be slow longer.
The freezing wraith hits you but does no damage.
The freezing wraith closely misses you. The freezing wraith hits you.
The freezing wraith freezes you!!
* * * LOW HITPOINT WARNING * * *
The freezing wraith hits you.
* * * LOW HITPOINT WARNING * * *
The freezing wraith drains your vigour!
You feel as though you will be slow longer.
The freezing wraith hits you!
* * * LOW HITPOINT WARNING * * *
The freezing wraith freezes you!!
You die...

#.........##...#
##.....>......##
##............##
##..............##
##................######
#....########...........
#...## ##..........
#...##### #....###...
#......@# #...## ####
#.....WWW.# #..##
##....p....# #[.##
########W..###..# #..#
##.## #.# ##<# .# ##.# #
#.# ...


You could see a death knight, a phantasmal warrior, 2 freezing wraiths and a
wraith.

Vanquished Creatures
  Sigmund (D:6)
  A water moccasin (D:5)
  An orc warrior (D:7)
  An ogre (D:5)
  A phantom (D:7)
  A kobold brigand (D:8)
  2 bullfrogs (D:7)
  A gnoll sergeant (D:5)
  3 wights (D:7)
  A howler monkey (D:6)
  A vampire bat (D:5)
  A hound (D:7)
  2 jellies
  An orc priest (D:4)
  Crazy Yiuf (D:5)
  3 iguanas
  3 orc wizards
  6 gnolls
  4 adders
  A white imp (D:7)
  3 worms
  3 dart slugs (D:1)
  18 orcs
  2 bat skeletons (D:5)
  5 bat zombies (D:5)
  7 endoplasms
  2 giant cockroaches
  5 goblins
  4 hobgoblins
  10 jackals
  6 quokkas
  6 ball pythons
  5 bats
  4 frilled lizards
  11 kobolds
  6 rats
133 creatures vanquished.

Notes
Turn   | Place    | Note
-------+----------+-------------------------------------------
     0 | D:1      | bande the Gargoyle Fighter began the quest for the Orb.
     0 | D:1      | Reached XP level 1. HP: 14/14 MP: 1/1
    51 | D:1      | Reached XP level 2. HP: 19/19 MP: 2/2
   137 | D:1      | Reached XP level 3. HP: 22/23 MP: 3/3
   843 | D:2      | Reached XP level 4. HP: 28/29 MP: 4/4
  1037 | D:2      | Found a faded altar of an unknown god.
  1283 | D:3      | Reached XP level 5. HP: 33/33 MP: 5/5
  1341 | D:3      | Found a broken altar of Ashenzari.
  1352 | D:3      | Found a radiant altar of Vehumet.
  1469 | D:3      | Found a hazy altar of Hepliaklqana.
  1555 | D:3      | Identified the +8 long sword of the Grinning Gods {venom,
                  | Contam rCorr Int+3}
  1896 | D:4      | Found a staircase to the Ecumenical Temple.
  1912 | Temple   | Entered the Ecumenical Temple
  2014 | Temple   | Became a worshipper of Warmaster Okawaru
  2175 | D:4      | Reached XP level 6. HP: 36/38 MP: 6/6
  2397 | D:4      | Found Ceemut's Tremendous Tomes.
  2460 | D:5      | Entered Level 5 of the Dungeon
  2483 | D:5      | Noticed a water moccasin
  2498 | D:5      | Killed a water moccasin
  2499 | D:5      | Reached skill level 1 in Invocations
  2611 | D:5      | Reached XP level 7. HP: 19/43 MP: 8/8
  2613 | D:5      | Reached * piety under Okawaru
  2718 | D:5      | Found an ancient bone altar of Kikubaaqudgha.
  2807 | D:5      | Reached skill level 5 in Axes
  2807 | D:5      | Reached skill level 5 in Armour
  2845 | D:5      | Found a burning altar of Makhleb.
  3047 | D:5      | Found a runed translucent door.
  3048 | D:5      | Noticed Crazy Yiuf
  3227 | D:5      | Killed Crazy Yiuf
  3235 | D:5      | Identified the +6 hammer "Gargoyle's Bane" {flame, rC+
                  | Str+3}
  3318 | D:6      | Found a basalt altar of Yredelemnul.
  3445 | D:6      | Found a glowing golden altar of the Shining One.
  3493 | D:6      | Noticed Sigmund
  3510 | D:6      | Killed Sigmund
  3661 | D:6      | Reached ** piety under Okawaru
  3662 | D:6      | Reached XP level 8. HP: 44/48 MP: 10/10
  4333 | D:7      | Found a white marble altar of Elyvilon.
  4364 | D:7      | Reached skill level 5 in Shields
  4369 | D:7      | Reached skill level 5 in Fighting
  5024 | D:8      | Noticed a freezing wraith
  5025 | D:8      | Noticed a freezing wraith
  5025 | D:8      | Noticed a wraith
  5027 | D:8      | Noticed a death knight
  5028 | D:8      | Noticed a phantasmal warrior
  5031 | D:8      | HP: 2/49 [freezing wraith[a death knight] (8)]
  5031 | D:8      | Demolished by a freezing wraith

Illustrated notes

Levels and vault maps discovered:
D:1:      lightli_arrival_lavapool, layout_loops_ring
D:2:      layout_rooms, dreamdust_ecumenical_altar_grove, grunt_ministairs_1
D:3:      layout_loops_ring, mainiacjoe_overflow_paths, jmf_multi_god_temple
D:4:      layout_rooms, minmay_temple_entry_proselytizer, hex_intersection,
          nicolae_shop_i_like_big_books, hex_medium, corexii_hall_statues_i
D:5:      layout_cave_pools, lightli_temple_of_fire, kennysheep_vampire_church,
          uniq_crazy_yiuf_cottage
D:6:      layout_loops_corners, mainiacjoe_overflow_small_starburst,
          kennysheep_mini_moat, uniq_sigmund
D:7:      layout_rooms, mainiacjoe_overflow_concentric_impassable
D:8:      layout_layer_cave
Temple:   compressed_dpeg_triangle_lava_temple

Skill      XL: |  1  2  3  4  5  6  7  8 |
---------------+-------------------------+-----
Axes           | 2 3 4 5 6 |  6.5
Fighting       | 4 5 |  5.2
Armour         | 4 5 6 |  6.0
Shields        | 4 5 |  5.3
Invocations    | 1 2 4 |  4.1
Dodging        | |  0.3
Evocations     | |  0.9

Action                     |  1- 3 |  4- 6 |  7- 9 || total
---------------------------+-------+-------+-------++-------
  Melee: War axe           |   111 |   192 |   177 ||   480
    Use: Scroll            |       |     7 |     8 ||    15
 Armour: Scale mail        |    38 |    67 |    72 ||   177
         Plate armour      |       |       |     7 ||     7
  Dodge: Dodged            |    98 |   177 |   106 ||   381
  Block: Buckler           |    24 |    45 |       ||    69
         Kite shield       |       |       |   104 ||   104

Table legend: (Time is in decaauts)
 A = Elapsed time spent in this place.
 B = Non-inter-level travel time spent in this place.
 C = Inter-level travel time spent in this place.
 D = Time resting spent in this place.
 E = Time spent auto-exploring this place.
 F = Levels seen in this place.
 G = Mean time per level.
                   A        B        C        D        E       F      G
               +--------+--------+--------+--------+--------+-----+--------+
         Total |   5206 |   5058 |    148 |    202 |   3569 |   9 |  578.4 |
       Dungeon |   5086 |   4938 |    148 |    202 |   3502 |   8 |  635.8 |
        Temple |    119 |    119 |      0 |      0 |     67 |   1 |  119.0 |
               +--------+--------+--------+--------+--------+-----+--------+

Top non-repeatable levels by time:
     D:6: 915 daAuts
     D:5: 796 daAuts
     D:1: 778 daAuts
     D:7: 727 daAuts
     D:3: 709 daAuts
     D:4: 555 daAuts
     D:2: 432 daAuts
     D:8: 170 daAuts
  Temple: 119 daAuts
